 Dungeon Crawl Stone Soup version 0.23-a0-831-g5da158a (console) character file.

199 Duffy the Conjurer (level 5, -1/42 HPs)
             Began as a Naga Wizard on Jan 23, 2019.
             Slain by a bullfrog (3 damage)
             ... on level 3 of the Dungeon.
             The game lasted 00:04:31 (3817 turns).

Duffy the Conjurer (Naga Wizard)                    Turns: 3817, Time: 00:04:31

Health: -1/42      AC:  3    Str: 13 (14) XL:     5   Next: 77%
Magic:  9/9        EV: 15    Int: 18 (20) God:
Gold:   113        SH:  0    Dex: 18 (20) Spells: 1/10 levels left

rFire    . . .     SeeInvis +   u - +0 spear
rCold    . . .     Gourm    .   (no shield)
rNeg     . . .     Faith    .   a - +0 robe
rPois    +         Spirit   .   t - +1 hat
rElec    .         Reflect  .   (no cloak)
rCorr    .         Harm     .   (no gloves)
MR       .....                  (no barding)
Stlth    ++++......             (no amulet)
HPRegen  0.14/turn              e - +6 ring of dexterity
MPRegen  0.11/turn              k - ring of stealth

@: mighty, agile, flying, very slow
A: large, see invisible, deformed body, poison resistance, slowness 2, slow
metabolism 1, spit poison 1, AC +1
a: Spit Poison


You were on level 3 of the Dungeon.
You were not hungry.

You visited 1 branch of the dungeon, and saw 3 of its levels.

You collected 113 gold pieces.

Inventory:

Hand Weapons
 f - a +0 short sword
 h - a +0 hand axe
 u - a +0 spear (weapon)
Armour
 a - a +0 robe (worn)
 t - a +1 hat (worn)
Jewellery
 e - a +6 ring of dexterity (left hand)
 k - a ring of stealth (right hand)
Scrolls
 m - 2 scrolls of remove curse {unknown}
 n - 2 scrolls of teleportation {unknown}
 q - a scroll of enchant armour {unknown}
 s - 3 scrolls of identify {unknown}
Potions
 b - a potion of degeneration
 c - a potion of curing
 j - a potion of magic
 o - a potion of lignification {unknown}
 p - a potion of berserk rage {unknown}
 r - a potion of ambrosia {unknown}
Comestibles
 d - 6 rations


   Skills:
 - Level 1.5 Dodging
 - Level 3.0 Stealth
 - Level 3.0 Spellcasting
 + Level 3.8 Conjurations
   Level 1.0 Summonings
 - Level 1.0 Translocations
 + Level 1.8 Fire Magic
 + Level 1.9 Air Magic
 + Level 2.6 Poison Magic


You had one spell level left.
You knew the following spells:

 Your Spells              Type           Power        Failure   Level  Hunger
h - Magic Dart            Conj           ###.         3%          1    None
k - Mephitic Cloud        Conj/Pois/Air  ##......     16%         3    ###....
l - Conjure Flame         Conj/Fire      ##......     16%         3    ###....
B - Blink                 Tloc           N/A          16%         2    ##.....

Your spell library contained the following spells:

 Spells                   Type           Power        Failure   Level  Hunger
 Call Imp                 Summ           #.......     16%         2    ##.....
 Slow                     Hex            #.......     24%         2    ##.....


Dungeon Overview and Level Annotations

Branches:
Dungeon (3/15)

Altars:

Annotations:
D:3 Lanoc's ghost, amateur GnFi


Innate Abilities, Weirdness & Mutations

You cannot wear boots.
Your serpentine skin is tough. (AC +1)
You have supernaturally acute eyesight. (SInv)
Armour fits poorly on your strangely shaped body.
Your system is resistant to poisons. (rPois)
You cover ground very slowly.
You have a slow metabolism.
You can spit poison.


Message History

The bullfrog barely misses you. The bullfrog hits you.
It was a potion of degeneration.
There was something very wrong with that liquid.
You feel weakened.
You feel dopey.
You feel clumsy.
The bullfrog hits you but does no damage.
It was a potion of curing.
You feel better. The bullfrog hits you. x2
It was a potion of magic.
Magic courses through your body. The bullfrog barely misses you.
Lanoc's ghost screams, "You will join me soon!"
It was a potion of might.
You feel very mighty all of a sudden. The bullfrog barely misses you. x2
It was a potion of agility.
You feel agile all of a sudden. The bullfrog closely misses you.
It was a potion of flight.
You feel very buoyant.
You fly up into the air.
The bullfrog closely misses you. The bullfrog hits you.
You die...

####### #.....# #.....#
###############.....#
#.....##.......@....+
###.###.##.####.##F##.#
..#.#.........+.#lW~#
..#.#.#.##.####.#~w~#
........##.# #.#~~~#
...####.##.# #.#~~~#
##.# #.##.. ..#~(~# #.#
#.#### ..#~~~# #.# ...
#~~~#


You could see a bullfrog, a worm, Lanoc's ghost and a leopard gecko.

Vanquished Creatures
  Jessica (D:2)
  A howler monkey skeleton (D:3)
  4 gnolls (D:3)
  4 adders
  An ooze (D:1)
  3 worms
  2 dart slugs
  2 leopard geckos
  3 orcs
  2 giant cockroaches
  7 goblins
  8 hobgoblins
  A quokka (D:2)
  13 bats
  8 frilled lizards
  3 kobolds
  9 rats
72 creatures vanquished.

Notes
Turn   | Place    | Note
-------+----------+-------------------------------------------
     0 | D:1      | Duffy the Naga Wizard began the quest for the Orb.
     0 | D:1      | Reached XP level 1. HP: 15/15 MP: 4/4
   256 | D:1      | Reached XP level 2. HP: 22/22 MP: 4/6
   701 | D:1      | Reached XP level 3. HP: 28/28 MP: 4/7
  1293 | D:1      | Learned a level 3 spell: Conjure Flame
  1297 | D:1      | Learned a level 3 spell: Mephitic Cloud
  1715 | D:2      | Noticed Jessica
  1791 | D:2      | Killed Jessica
  1791 | D:2      | Reached skill level 1 in Poison Magic
  1791 | D:2      | Reached XP level 4. HP: 23/36 MP: 3/8
  1905 | D:2      | Learned a level 2 spell: Blink
  1912 | D:2      | Reached skill level 1 in Air Magic
  2031 | D:2      | Found a faded altar of an unknown god.
  2118 | D:2      | Reached skill level 1 in Fire Magic
  2598 | D:3      | Reached XP level 5. HP: 42/42 MP: 6/9
  3796 | D:3      | Found a runed door.
  3801 | D:3      | Noticed Lanoc's ghost (amateur GnFi)
  3813 | D:3      | HP: 1/42 [bullfrog (6)]
  3817 | D:3      | Slain by a bullfrog

Vault maps used:
D:1:      matt_arrival_grand_opening
D:2:      wad_lake_hut, chequers_ecumenical_altar_island, uniq_jessica
D:3:      ebering_ghost_sewer_f, grunt_ministairs_1, minmay_stone_trees_small

Skill      XL: |  1  2  3  4  5 |
---------------+----------------+-----
Conjurations   | 2 3 |  3.8
Poison Magic   | 1 2 |  2.6
Air Magic      | 1 |  1.9
Fire Magic     | 1 |  1.8
Dodging        | |  1.5
Stealth        | |  3.0
Spellcasting   | |  3.0
Summonings     | |  1.0
Translocations | |  1.0

Action                   |  1- 3 |  4- 6 || total
-------------------------+-------+-------++-------
 Cast: Magic Dart        |    78 |    96 ||   174
 Abil: Spit Poison       |     7 |    13 ||    20
  Use: Potion            |       |     6 ||     6
  Eat: Chunk             |     1 |     6 ||     7
Armor: Robe              |     1 |    14 ||    15
Dodge: Dodged            |    13 |    34 ||    47

Table legend:
 A = Non-vault XP
 B = Vault XP
 C = Vault XP percentage of total XP
 D = Non-vault monster count
 E = Vault monster count
 F = Vault count percentage of total count
                 A         B        C        D         E       F
            +---------+---------+-------+---------+---------+-------
      Total |     234 |      51 |  17.9 |      69 |       3 |   4.2
            +---------+---------+-------+---------+---------+-------
        D:1 |      48 |       0 |   0.0 |      27 |       0 |   0.0
        D:2 |      77 |      37 |  32.5 |      21 |       1 |   4.5
        D:3 |     109 |      14 |  11.4 |      21 |       2 |   8.7
            +---------+---------+-------+---------+---------+-------
